 Dungeon Crawl Stone Soup version 0.18.1-51-gd549091e01 (webtiles) character file.

111 magog001 the Vandal (level 4, -1/37 HPs)
             Began as a Centaur Hunter on July 31, 2020.
             Slain by a centaur (5 damage)
             ... on level 3 of the Dungeon.
             The game lasted 00:13:42 (2572 turns).

magog001 the Vandal (Centaur Hunter)                Turns: 2572, Time: 00:13:42

Health: -1/37      AC:  5    Str: 15    XL:     4   Next: 62%
Magic:  4/4        EV:  7    Int: 10    God:
Gold:   133        SH:  3    Dex: 10    Spells: 0 memorised, 3 levels left

rFire  . . .     SeeInvis .     m - +3 dagger
rCold  . . .     Gourm    .     j - +0 ring mail
rNeg   . . .     Faith    .     s - +0 buckler
rPois  .         Spirit   .     (no helmet)
rElec  .         Dismiss  .     (no cloak)
rCorr  .         Reflect  .     (no gloves)
SustAt .         Harm     .     (no barding)
MR     .....                    (no amulet)
Stlth  ..........               (no ring)
                                (no ring)

@: drained, very quick, not resistant to hostile enchantments, extremely
unstealthy
A: hooves 3, deformed body, speed 2, tough skin 3
a: no special abilities


You were on level 3 of the Dungeon.
You were not hungry.

You visited 1 branch of the dungeon, and saw 3 of its levels.

You collected 133 gold pieces.

Inventory:

Hand Weapons
 a - a +1 hunting sling
 m - a +3 dagger (weapon)
Missiles
 b - 27 stones (quivered)
 k - 37 bolts
Armour
 j - a +0 ring mail (worn)
 s - a +0 buckler (worn)
Scrolls
 e - 4 scrolls of remove curse
 o - a scroll of magic mapping
Potions
 g - a potion of curing {unknown}
 n - a potion of invisibility {unknown}
 p - a potion of haste {unknown}
Comestibles
 c - 2 chunks of flesh
 f - 2 bread rations
 l - a fruit


   Skills:
 * Level 2.5(1.9) Fighting
 * Level 0.1(0.0) Short Blades
 * Level 5.7(5.0) Slings
 * Level 0.8(0.2) Armour
 + Level 1.6(1.1) Dodging
 - Level 0.5(0.0) Stealth
 * Level 0.7(0.1) Shields


You had 3 spell levels left.
You didn't know any spells.

Dungeon Overview and Level Annotations

Branches:
Dungeon (3/15)

Altars:


Innate Abilities, Weirdness & Mutations

You have hooves in place of feet.
Armour fits poorly on your strangely shaped body.
You cover ground very quickly.
You have extremely tough skin (AC +3).


Message History

A centaur comes into view.
The centaur wields a shortbow.
The centaur shoots an arrow.
The arrow completely misses you.
You see here an arrow.
b - 27 stones (gained 7)
The centaur shoots an arrow.
The arrow hits you!
You see here 2 arrows.
The centaur shoots an arrow.
The arrow hits you.
You see here an arrow.
The centaur shoots an arrow.
The arrow hits you!
You see here an arrow.
The centaur shoots an arrow.
The arrow hits you.
* * * LOW HITPOINT WARNING * * *
You see here an arrow.
The centaur unwields an uncursed shortbow.
The centaur hits you.
* * * LOW HITPOINT WARNING * * *
You see here a stone.
You barely miss the centaur. The centaur hits you.
You die...

... ...... .. ..... ...
..#.... ........... #####
.......... .. ....# .>...#..
.#### ..... #..##c# ......
.(... #...#@###.(... . (.(..
#.#..(..#!..#..
.(...g######.###(#.....#.# .
(....g(((.(....#(##..###.#..
......####.....(...........#
..... ##...............
%....
..##.....)[......#.####
#....
.>........<......#.....
#....
#.....................#


You could see a centaur.

Vanquished Creatures
  Robin (D:3)
  2 adders (D:2)
  An ooze (D:1)
  4 dart slugs
  3 giant geckos
  5 bats
  16 goblins
  12 hobgoblins
  4 jackals (D:3)
  3 kobolds
  A ball python (D:3)
  3 giant newts (D:1)
  6 rats
61 creatures vanquished.

Notes
Turn   | Place    | Note
--------------------------------------------------------------
     0 | D:1      | magog001 the Centaur Hunter began the quest for the Orb.
     0 | D:1      | Reached XP level 1. HP: 17/17 MP: 1/1
    70 | D:1      | Reached XP level 2. HP: 24/24 MP: 2/2
   166 | D:1      | Reached skill level 5 in Slings
   346 | D:1      | Reached XP level 3. HP: 29/29 MP: 3/3
  1406 | D:2      | Reached XP level 4. HP: 12/37 MP: 4/4
  1872 | D:3      | Noticed Robin
  2300 | D:3      | HP: 1/37 [Robin/short sword (2)]
  2305 | D:3      | Killed Robin
  2564 | D:3      | Noticed a centaur
  2572 | D:3      | Slain by a centaur

Skill      XL: |  1  2 |
---------------+-------+-----
Slings         | 5 |  5.7
Fighting       | |  2.5
Short Blades   | |  0.1
Armour         | |  0.8
Dodging        | |  1.6
Stealth        | |  0.5
Shields        | |  0.7

Action                   |  1- 3 |  4- 6 || total
-------------------------+-------+-------++-------
Melee: Dagger            |    40 |    57 ||    97
       Kick              |     2 |    11 ||    13
 Fire: Hunting sling     |    89 |    42 ||   131
  Use: Scroll            |     5 |     2 ||     7
       Potion            |       |     2 ||     2
  Eat: Beef jerky        |     1 |       ||     1
       Chunk             |       |     3 ||     3
Armor: Leather armour    |     3 |       ||     3
       Ring mail         |    27 |    53 ||    80
Dodge: Dodged            |    31 |    54 ||    85
Block: Buckler           |     6 |    16 ||    22
